 Dungeon Crawl Stone Soup version 0.31-a0-237-g2d982f9f85 (webtiles) character file.

Game seed: 16962815931118454571

1112 qw the Skirmisher (level 8, -2/49 HPs)
             Began as a Gargoyle Hexslinger on July 11, 2023.
             Slain by a killer bee (3 damage)
             ... on level 5 of the Dungeon.
             The game lasted 00:01:25 (3647 turns).

qw the Skirmisher (Gargoyle Hexslinger)             Turns: 3647, Time: 00:01:26

Health: -2/49      AC: 14    Str: 11    XL:     8   Next: 33%
Magic:  9/9        EV: 12    Int: 15    God:
Gold:   210        SH:  0    Dex: 14    Spells: 8/9 levels left

rFire   . . .        i - +1 sling (heavy)
rCold   . . .        (no shield)
rNeg    + . .        l - +0 leather armour
rPois   inf          (no helmet)
rElec   +            (no cloak)
rCorr   .            e - +1 pair of gloves
SInv    .            (no boots)
Will    .....        k - amulet of faith
Stlth   +            g - +4 ring of protection
HPRegen 0.28/turn    (no ring)
MPRegen 0.11/turn

%: faith
@: no status effects
A: sickness immunity, AC +5, negative energy resistance 1, electricity
resistance, torment resistance 1, petrification resistance
a: no special abilities


You were on level 5 of the Dungeon.
You visited 1 branch of the dungeon, and saw 5 of its levels.

You collected 210 gold pieces.


Innate Abilities, Weirdness & Mutations

You are immune to sickness and miasma.
Your stone body is resilient. (AC +5)
You are immune to poison.
You resist negative energy. (rN+)
You are resistant to electric shocks. (rElec)
You are resistant to unholy torment.
You are immune to petrification.


   Skills:
 - Level 5.0 Fighting
 + Level 8.3 Ranged Weapons
 - Level 1.0 Armour
 - Level 2.3 Dodging
 - Level 1.0 Spellcasting
 - Level 2.6 Hexes


You had 8 spell levels left.
You knew the following spells:

 Your Spells              Type           Power      Damage    Failure   Level
a - Slow                  Hex            32%        N/A       11%         1

Your spell library contained the following spells:

 Spells                   Type           Power      Damage    Failure   Level
 Inner Flame              Hex/Fire       4%         N/A       50%         3
 Portal Projectile        Hex/Tloc       8%         N/A       50%         3
 Cause Fear               Hex            4%         N/A       71%         4

Inventory:

Hand Weapons
 i - a +1 heavy sling (weapon)
Armour
 e - a +1 pair of gloves (worn)
 l - a +0 leather armour (worn)
Jewellery
 a - an amulet of reflection
 g - a +4 ring of protection (left hand)
 k - an amulet of faith (around neck)
Scrolls
 b - a scroll of identify
Potions
 f - a potion of haste
 h - 2 potions of enlightenment
 j - a potion of might

Dungeon Overview and Level Annotations

Branches:
Dungeon (5/15)
 Temple: D:4-7

Altars:
Ashenzari
Cheibriados
Fedhas
Qazlal
Sif Muna
Trog
Xom

Annotations:
D:3 1 runed translucent door, Crazy Yiuf
D:4 2 runed translucent doors


Message History

The bullfrog hits you but does no damage.
The killer bee stings you but does no damage. x2
The bullfrog hits you but does no damage.
The gnoll hits you from afar with a +0 halberd.
The gnoll closely misses you. The killer bee closely misses you.
The killer bee stings you!
You shoot a sling bullet. The sling bullet hits the bullfrog.
The bullfrog is almost dead.
The killer bee stings you but does no damage. x2
The bullfrog closely misses you. The killer bee closely misses you.
The killer bee stings you. The gnoll closely misses you.
The gnoll hits you with a +0 club. The bullfrog closely misses you.
The worm misses you. The killer bee closely misses you.
The killer bee stings you. The gnoll barely misses you. x2
You shoot a sling bullet.
The sling bullet barely misses the bullfrog.
The bullfrog closely misses you. The killer bee barely misses you.
The killer bee closely misses you. The bullfrog barely misses you.
The killer bee closely misses you. The killer bee barely misses you.
The worm completely misses you.
The gnoll hits you from afar with a +0 halberd.
The bullfrog hits you but does no damage.
The killer bee closely misses you.
The killer bee stings you but does no damage.
You shoot a sling bullet.
The sling bullet barely misses the bullfrog.
The killer bee misses you.
The killer bee stings you but does no damage. x2
The bullfrog hits you but does no damage.
The killer bee barely misses you. The killer bee closely misses you.
The gnoll barely misses you. The killer bee misses you.
The worm bites you but does no damage. The bullfrog barely misses you.
The killer bee stings you. The gnoll barely misses you.
The killer bee barely misses you. x2
You shoot a sling bullet. The sling bullet hits the bullfrog!
You kill the bullfrog!
The killer bee closely misses you.
The killer bee stings you but does no damage. x2
The killer bee stings you.
You die...

#...#.#.....
#.......¤¤..¤....
#....~....#....~.
##.......~...~....
###....#.#......)#.#
#...........#.#..... #.#
#.¤...~yg¤g.¤...
#..##..|#.gyw~¤...#.
#### #....¤..)yy@%¤.~...
...# ##........y#%#.....
...# #..##.#.#.......#.#
...# #.###.....¤...¤..
...###.# ##.¤....#....¤¤
...##..# #....~...~....
...##.## ##.#.....$.#.#
...##.######............
...##.......##.######


You could see a worm, 5 killer bees and 3 gnolls.

Vanquished Creatures
  2 ice beasts (D:5)
  An orc warrior (D:4)
  3 ogres
  2 phantoms
  A bullfrog (D:5)
  2 scorpions
  A jelly (D:4)
  2 hounds
  An orc priest (D:4)
  2 orc wizards (D:4)
  A gnoll (D:5)
  4 adders
  A shadow imp (D:3)
  An ufetubus (D:4)
  4 worms
  2 dart slugs
  15 orcs
  8 endoplasms
  A giant cockroach (D:1)
  6 goblins
  4 hobgoblins
  A ball python (D:1)
  3 bats
  3 frilled lizards
  9 kobolds
  2 rats
82 creatures vanquished.

Notes
Turn   | Place    | Note
-------+----------+-------------------------------------------
     0 | D:1      | qw the Gargoyle Hexslinger began the quest for the Orb.
     0 | D:1      | Reached XP level 1. HP: 12/12 MP: 2/2
     0 | D:1      | 0 ||| qw: Version: 0.3-a-52-g30416fa
     0 | D:1      | 0 ||| qw: Game counter: 5480
     0 | D:1      | 0 ||| qw: Melee chars always use a shield: true
     0 | D:1      | 0 ||| qw: God list: Okawaru
     0 | D:1      | 0 ||| qw: Allow faded altars: false
     0 | D:1      | 0 ||| qw: Do Orc after clearing Dungeon:15 true
     0 | D:1      | 0 ||| qw: Do second Lair branch before Depths: true
     0 | D:1      | 0 ||| qw: Lair rune preference: random
     0 | D:1      | 0 ||| qw: Goals: Normal
     0 | D:1      | 0 ||| PLANNING D:1-11
   285 | D:1      | Reached XP level 2. HP: 16/16 MP: 3/3
   482 | D:1      | Reached skill level 3 in Ranged Weapons
   657 | D:1      | 657 ||| UPGRADING to amulet of faith.
   662 | D:1      | 662 ||| UPGRADING to +4 ring of protection.
   663 | D:1      | 663 ||| READING scroll labelled VEPUTI KIRAYTUH.
   664 | D:1      | 664 ||| READING scroll labelled DECZANIOJU.
   665 | D:1      | 665 ||| READING scroll labelled FUVVED WUNERYG.
   666 | D:1      | 666 ||| READING scroll labelled NOSHRU ATAOJ.
   667 | D:1      | 667 ||| READING scroll labelled BAALAL GATOVO.
   667 | D:1      | Identified a scroll of acquirement
   667 | D:1      | 667 ||| ACQUIRING amulet of reflection
   667 | D:1      | Acquired an amulet of reflection
   669 | D:1      | 669 ||| READING scroll labelled TIORIRI JEDUE.
   670 | D:1      | 670 ||| DROPPING scroll of poison.
   845 | D:2      | Reached XP level 3. HP: 21/21 MP: 4/4
  1278 | D:2      | 1278 ||| UPGRADING to +0 leather armour.
  1288 | D:2      | 1288 ||| DROPPING +0 robe.
  1289 | D:2      | 1289 ||| DROPPING amulet of the acrobat.
  1290 | D:2      | 1290 ||| READING scroll labelled KEACOK JUNLUKE.
  1295 | D:2      | 1295 ||| DRINKING 3 viscous amethyst potions.
  1296 | D:2      | 1296 ||| READING 3 scrolls of identify.
  1296 | D:2      | 1296 ||| IDENTIFYING yellow potion
  1297 | D:2      | 1297 ||| READING 2 scrolls of identify.
  1297 | D:2      | 1297 ||| IDENTIFYING green potion
  1298 | D:2      | 1298 ||| DROPPING potion of invisibility.
  1441 | D:3      | Reached XP level 4. HP: 24/26 MP: 5/5
  1466 | D:3      | Reached skill level 4 in Ranged Weapons
  1670 | D:3      | Found a runed translucent door.
  1671 | D:3      | Noticed Crazy Yiuf
  1761 | D:3      | Found a stormy altar of Qazlal.
  1955 | D:3      | 1955 ||| READING scroll labelled FICSEOD IKAST.
  1956 | D:3      | 1956 ||| READING scroll labelled XEIWEU ZISHOZA.
  1957 | D:3      | 1957 ||| READING 3 scrolls labelled NUBBERPH PYOBI.
  1958 | D:3      | 1958 ||| READING 2 scrolls of identify.
  1958 | D:3      | 1958 ||| IDENTIFYING lumpy clear potion
  1959 | D:3      | 1959 ||| DROPPING 2 scrolls of immolation.
  2024 | D:4      | Noticed an ogre
  2028 | D:4      | Killed an ogre
  2029 | D:4      | Reached skill level 5 in Ranged Weapons
  2029 | D:4      | Reached XP level 5. HP: 18/30 MP: 6/6
  2101 | D:4      | Noticed a phantom
  2111 | D:4      | Killed a phantom
  2112 | D:4      | Reached skill level 3 in Fighting
  2112 | D:4      | Reached XP level 6. HP: 25/37 MP: 7/7
  2228 | D:4      | HP: 7/37 [ogre/+0 giant club (21)]
  2228 | D:4      | HP: 3/37 [worm (4)]
  2229 | D:4      | 2229 ||| DRINKING potion of heal wounds.
  2231 | D:4      | Reached skill level 6 in Ranged Weapons
  2406 | D:4      | Found a broken altar of Ashenzari.
  2415 | D:4      | Found a shimmering blue altar of Sif Muna.
  2538 | D:4      | Reached XP level 7. HP: 43/44 MP: 8/8
  2578 | D:4      | Found a snail-covered altar of Cheibriados.
  2579 | D:4      | 2579 ||| UPGRADING to +0 pair of gloves.
  2584 | D:4      | 2584 ||| READING scroll of enchant armour.
  2584 | D:4      | 2584 ||| ENCHANTING +0 pair of gloves.
  2585 | D:4      | 2585 ||| READING 3 scrolls of identify.
  2585 | D:4      | 2585 ||| IDENTIFYING blue potion
  2586 | D:4      | 2586 ||| READING 2 scrolls of identify.
  2586 | D:4      | 2586 ||| IDENTIFYING glowing inky potion
  2744 | D:4      | Reached skill level 1 in Armour
  2752 | D:4      | HP: 10/44 [orc/+0 club (4)]
  2957 | D:4      | Reached skill level 7 in Ranged Weapons
  3024 | D:4      | Found a large runed translucent door.
  3025 | D:4      | Found a large runed translucent door.
  3025 | D:4      | Found a shimmering altar of Xom.
  3127 | D:4      | Found a bloodstained altar of Trog.
  3209 | D:4      | Found a blossoming altar of Fedhas.
  3366 | D:5      | Entered Level 5 of the Dungeon
  3414 | D:5      | 3414 ||| DRINKING potion of curing.
  3414 | D:5      | 3414 ||| (to cure confusion)
  3491 | D:5      | Reached skill level 8 in Ranged Weapons
  3491 | D:5      | Reached XP level 8. HP: 48/48 MP: 9/9
  3643 | D:5      | HP: 12/49 [killer bee (7)]
  3645 | D:5      | HP: 2/49 [gnoll/+0 halberd (6)]
  3647 | D:5      | Slain by a killer bee

Levels and vault maps discovered:
D:1:      dpeg_arrival_castle, layout_loops_ring, minmay_unequal
D:2:      layout_loops_ring
D:3:      layout_basic, overflow_temple_1_default, uniq_crazy_yiuf_cottage
D:4:      due_chaos_kobolds, layout_loops_ring, fedhas_altar_fruit_tree,
          mainiacjoe_overflow_alcove_4, kennysheep_mini,
          mainiacjoe_overflow_paths, cheibrodos_worm_habitat
D:5:      minmay_bubble_buster, layout_basic, nemelex_dance_club_becter,
          minmay_temple_entry_mist, st_stairs_8, nicolae_kite_square_tiling_tiny

Skill      XL: |  1  2  3  4  5  6  7  8 |
---------------+-------------------------+-----
Ranged Weapons | 3 5 6 8 |  8.3
Fighting       | 2 3 4 5 |  5.0
Armour         | 1 |  1.0
Dodging        | 2 |  2.3
Spellcasting   | |  1.0
Hexes          | |  2.6

Action                     |  1- 3 |  4- 6 |  7- 9 || total
---------------------------+-------+-------+-------++-------
   Fire: Sling             |    77 |    64 |   153 ||   294
    Use: Scroll            |     9 |     4 |     3 ||    16
         Potion            |     1 |     1 |     1 ||     3
 Armour: Robe              |     8 |       |       ||     8
         Leather armour    |     7 |    34 |   110 ||   151
  Dodge: Dodged            |    13 |    29 |   152 ||   194

Table legend:
 A = Non-vault XP
 B = Vault XP
 C = Vault XP percentage of total XP
 D = Non-vault monster count
 E = Vault monster count
 F = Vault count percentage of total count
                 A         B        C        D         E       F
            +---------+---------+-------+---------+---------+-------
      Total |    1666 |      16 |   1.0 |      76 |       6 |   7.3
            +---------+---------+-------+---------+---------+-------
        D:1 |      16 |       8 |  33.3 |      11 |       4 |  26.7
        D:2 |      33 |       0 |   0.0 |      12 |       0 |   0.0
        D:3 |      57 |       0 |   0.0 |      10 |       0 |   0.0
        D:4 |     831 |       5 |   0.6 |      33 |       1 |   2.9
        D:5 |     729 |       3 |   0.4 |      10 |       1 |   9.1
            +---------+---------+-------+---------+---------+-------
